 Dungeon Crawl Stone Soup version 0.21.1-1-g345015fe64 (webtiles) character file.

406 Naru the Chopper (level 6, 0/56 HPs)
             Began as a Hill Orc Fighter on June 22, 2018.
             Slain by an iguana (4 damage)
             ... on level 5 of the Dungeon.
             The game lasted 00:07:59 (3327 turns).

Naru the Chopper (Hill Orc Fighter)                 Turns: 3327, Time: 00:07:59

Health: 0/56       AC: 10    Str: 19    XL:     6   Next: 87%
Magic:  6/6        EV:  5    Int:  8    God:
Gold:   119        SH:  9    Dex: 12    Spells: 5/5 levels left

rFire    . . .     SeeInvis .   a - +0 war axe
rCold    . . .     Gourm    .   c - +0 shield
rNeg     . . .     Faith    .   n - +0 chain mail
rPois    .         Spirit   .   e - +0 helmet
rElec    .         Reflect  .   (no cloak)
rCorr    .         Harm     .   (no gloves)
MR       .....                  (no boots)
Stlth    ..........             (no amulet)
HPRegen  0.18/turn              (no ring)
MPRegen  0.10/turn              (no ring)

@: lethally poisoned (0 -> 0)
A: no striking features
a: no special abilities


You were on level 5 of the Dungeon.
You were not hungry.

You visited 1 branch of the dungeon, and saw 5 of its levels.

You collected 119 gold pieces.

Inventory:

Hand Weapons
 a - a +0 war axe (weapon)
Missiles
 o - 2 tomahawks (quivered)
 v - 5 exploding tomahawks
Armour
 c - a +0 shield (worn)
 e - a +0 helmet (worn)
 n - a +0 chain mail (worn)
Jewellery
 u - an uncursed amulet of the gourmand {unknown}
Wands
 k - a wand of polymorph (21)
 r - a wand of acid (13)
Scrolls
 g - a scroll of immolation
 l - 3 scrolls of remove curse {unknown}
 m - 2 scrolls of identify {unknown}
 s - a scroll of magic mapping {unknown}
 t - a scroll of enchant armour {unknown}
Potions
 d - a potion of might
 i - a potion of flight {unknown}
 p - a potion of brilliance {unknown}
 q - 4 potions of heal wounds {unknown}
Comestibles
 f - 5 rations


   Skills:
 * Level 5.0 Fighting
 * Level 7.2 Axes
 + Level 4.2 Armour
 + Level 0.7 Dodging
 + Level 4.0 Shields


You had 5 spell levels left.
You didn't know any spells.

Dungeon Overview and Level Annotations

Branches:
Dungeon (5/15)
 Temple: D:4-7

Altars:
Zin


Message History

A shadow imp comes into view.
There is a stone staircase leading up, spattered with blood here.
Items here: ( )) [ †† Unknown command.
You barely miss the adder.
The adder is moderately wounded.
You completely miss the iguana. You block the iguana's attack.
The adder bites you.
* * * LOW HITPOINT WARNING * * *
You hit the adder.
The adder is almost dead.
You hit the iguana. The adder bites you but does no damage.
You block the iguana's attack. The adder bites you but does no damage.
The iguana bites you.
* * * LOW HITPOINT WARNING * * *
Your chain mail prevents you from hitting the adder.
The adder is almost dead.
You closely miss the iguana.
You feel sick. The adder bites you but does no damage. The iguana bites you.
You die...

#.#.... ..## #.#.#..
#.... ###...... ...#
......#$##...#
##..>...........#
##§§..............#
#§§# .............#
#..§§§§........S@l..#
#.#.§.......5..))####
##.S..l##..##..#
..............#
####....#...#...
..#.#....:##
.##)#..##. .... ..
... ..


You could see an iguana, an adder and a shadow imp.

Vanquished Creatures
  An ogre (D:5)
  A centaur (D:5)
  A centaur skeleton (D:4)
  2 orc wizards (D:3)
  A worker ant (D:4)
  3 adders (D:4)
  An ooze (D:1)
  4 dart slugs
  5 leopard geckos
  9 orcs
  2 ball pythons (D:2)
  9 bats
  6 giant cockroaches
  8 goblins
  7 hobgoblins
  9 jackals
  2 frilled lizards (D:2)
  8 kobolds
  9 rats
88 creatures vanquished.

Notes
Turn   | Place    | Note
-------+----------+-------------------------------------------
     0 | D:1      | Naru the Hill Orc Fighter began the quest for the Orb.
     0 | D:1      | Reached XP level 1. HP: 19/19 MP: 1/1
   137 | D:1      | Reached skill level 3 in Axes
   137 | D:1      | Reached XP level 2. HP: 12/27 MP: 2/2
   516 | D:1      | Reached XP level 3. HP: 30/33 MP: 3/3
   718 | D:1      | Reached skill level 4 in Axes
  1225 | D:2      | Found a glowing silver altar of Zin.
  1367 | D:2      | Reached XP level 4. HP: 24/40 MP: 4/4
  1767 | D:3      | Reached skill level 5 in Axes
  1767 | D:3      | Reached XP level 5. HP: 39/47 MP: 5/5
  2556 | D:4      | Reached skill level 6 in Axes
  2593 | D:4      | Reached XP level 6. HP: 34/53 MP: 6/6
  3216 | D:5      | Entered Level 5 of the Dungeon
  3322 | D:5      | Reached skill level 5 in Fighting
  3322 | D:5      | Reached skill level 7 in Axes
  3327 | D:5      | Slain by an iguana

Skill      XL: |  1  2  3  4  5  6 |
---------------+-------------------+-----
Fighting       | 4 5 |  5.0
Axes           | 3 4 5 6 7 |  7.2
Armour         | 4 |  4.2
Shields        | 4 |  4.0
Dodging        | |  0.7

Action                   |  1- 3 |  4- 6 || total
-------------------------+-------+-------++-------
Melee: War axe           |   149 |   160 ||   309
  Use: Scroll            |       |     4 ||     4
  Eat: Ration            |     1 |     1 ||     2
       Chunk             |       |     2 ||     2
Armor: Scale mail        |    73 |     1 ||    74
       Chain mail        |       |   106 ||   106
Dodge: Dodged            |    38 |    54 ||    92
Block: Shield            |    79 |   102 ||   181
